 Dungeon Crawl Stone Soup version 0.28-a0-938-gbc3f381ebc (webtiles) character file.

Game seed: 4570710373022656206

22 cheechan the Vexing (level 2, -5/18 HPs)
             Began as an Octopode Arcane Marksman on Nov 29, 2021.
             Slain by a gnoll (9 damage)
             ... on level 2 of the Dungeon.
             The game lasted 00:03:40 (936 turns).

cheechan the Vexing (Octopode Arcane Marksman)       Turns: 936, Time: 00:03:41

Health: -5/18      AC:  1    Str:  9    XL:     2   Next: 91%
Magic:  1/3        EV: 12    Int: 15    God:
Gold:   19         SH:  3    Dex: 12    Spells: 2/3 levels left

rFire   . . .      SeeInvis .   a - +0 hand crossbow
rCold   . . .      Faith    .   f - +0 buckler
rNeg    . . .      Spirit   .   (helmet restricted)
rPois   .          Reflect  .   (no amulet)
rElec   .          Harm     .   (no ring)
rCorr   .          Rampage  .   (no ring)
Will    .....                   (no ring)
Stlth   ++........              (no ring)
HPRegen 0.06/turn               (no ring)
MPRegen 0.08/turn               (no ring)
                                (no ring)
                                (no ring)

@: very slightly contaminated
A: almost no armour, amphibious, 8 rings, camouflage 1, gelatinous body 1,
(nimble swimmer 1), tentacles
a: no special abilities


You were on level 2 of the Dungeon.
You visited 1 branch of the dungeon, and saw 2 of its levels.

You collected 19 gold pieces.

Inventory:

Hand Weapons
 a - a +0 hand crossbow (weapon)
 e - a +0 hand axe
Missiles
 c - 11 bolts (quivered ammo)
 k - 8 arrows
Armour
 f - a +0 buckler (worn)
 i - a +0 tower shield
Potions
 l - a potion of haste


   Skills:
 + Level 1.2 Fighting
 + Level 2.7 Crossbows
 + Level 2.1 Dodging
 + Level 0.6 Stealth
 + Level 1.0 Spellcasting
 + Level 3.2 Hexes


You had 2 spell levels left.
You knew the following spells:

 Your Spells              Type           Power      Damage    Failure   Level
a - Slow                  Hex            40%        N/A       11%         1

Your spell library contained the following spells:

 Spells                   Type           Power      Damage    Failure   Level
 Inner Flame              Hex/Fire       5%         N/A       54%         3
 Portal Projectile        Hex/Tloc       10%        N/A       54%         3
 Cause Fear               Hex            5%         N/A       71%         4
 Frozen Ramparts          Ice            0%         1d2       77%         3
 Ice Form                 Ice/Tmut       0%         N/A       99%         4
 Summon Ice Beast         Ice/Summ       0%         N/A       99%         4


Dungeon Overview and Level Annotations

Branches:
Dungeon (2/15)

Altars:


Innate Abilities, Weirdness & Mutations

You cannot wear most types of armour.
You are amphibious.
You can wear up to eight rings at the same time.
Your skin changes colour to match your surroundings (Stealth+).
Your rubbery body absorbs attacks. (AC +1, EV +1)
((You are camouflaged near water. (Stealth+)))
You have tentacles for arms and can constrict up to eight enemies at once.


Message History

Aim: a gnoll, wielding a +0 flail (chance to affect: 54%)
You miscast Slow.
You are very lightly contaminated with residual magic.
Nothing appears to happen.
The gnoll shouts! x2
Fire: 16 bolts
Press: ? - help, Shift-Dir - straight line, f/p - gnoll
Aim: a gnoll, wielding a +0 flail (65% to hit)
You shoot a bolt. The bolt closely misses the gnoll.
The bolt hits the gnoll!
The gnoll is heavily wounded.
Unknown command.
Fire: 15 bolts
Press: ? - help, Shift-Dir - straight line, f/p - gnoll
Aim: a gnoll, wielding a +0 flail (65% to hit)
You shoot a bolt. The bolt barely misses the gnoll.
The bolt hits the gnoll.
The gnoll is severely wounded.
Unknown command.
Fire: 14 bolts
Press: ? - help, Shift-Dir - straight line, f/p - gnoll
Aim: a gnoll, wielding a +0 flail (65% to hit)
You shoot a bolt. The bolt hits the gnoll.
The gnoll is moderately wounded.
The gnoll hits you with a +0 flail.
Unknown command.
Fire: 13 bolts
Press: ? - help, Shift-Dir - straight line, f/p - gnoll
Aim: a gnoll, wielding a +0 flail (moderately wounded, 65% to hit)
You shoot a bolt. The bolt barely misses the gnoll.
The bolt hits the gnoll.
The gnoll is heavily wounded.
Unknown command.
Fire: 12 bolts
Press: ? - help, Shift-Dir - straight line, f/p - gnoll
Aim: a gnoll, wielding a +0 flail (moderately wounded, 65% to hit)
You shoot a bolt. The bolt closely misses the gnoll.
The gnoll hits you with a +0 flail!
* * * LOW HITPOINT WARNING * * *
The gnoll barely misses you. You block the gnoll's attack.
The gnoll hits you with a +0 flail!
Ouch! That really hurt!
You die...

#. .. #. #. #. #.# #.
.. #. #. # # #####.
##.##.#####...#g.ยง#<
#...#............... #
#.#@g.(..(..........
#.#..g#g..............
#....(..####.###....##
####.#### ##>### #
####.#### #. #.
#.......# #.
#.###.##.##.# .#
#........##.#
.#######.#.#####.#


You could see 3 gnolls.

Vanquished Creatures
  A dart slug (D:1)
  2 endoplasms (D:1)
  2 giant cockroaches (D:1)
  A goblin (D:2)
  3 hobgoblins (D:1)
  3 kobolds
  3 ball pythons (D:1)
  2 bats
  3 rats
20 creatures vanquished.

Notes
Turn   | Place    | Note
-------+----------+-------------------------------------------
     0 | D:1      | cheechan the Octopode Arcane Marksman began the quest for
                  | the Orb.
     0 | D:1      | Reached XP level 1. HP: 13/13 MP: 2/2
   351 | D:1      | Reached XP level 2. HP: 14/18 MP: 3/3
   936 | D:2      | Slain by a gnoll

Illustrated notes

Levels and vault maps discovered:
D:1:      wander_arrival_abandoned_jail, layout_basic, glass_columns_a,
          minmay_split_cup_large
D:2:      layout_loops_cross, shapermc_ecumenical_altar_notcrosses

Action                   || total
-------------------------++-------
Melee: Hand crossbow     ||     1
       Constrict         ||     1
 Fire: Hand crossbow     ||    49
 Cast: Slow              ||     2
  Use: Scroll            ||     6
Armor: Skin              ||     2
Dodge: Dodged            ||    16
Block: Buckler           ||     5

Table legend: (Time is in decaauts)
 A = Elapsed time spent in this place.
 B = Non-inter-level travel time spent in this place.
 C = Inter-level travel time spent in this place.
 D = Time resting spent in this place.
 E = Time spent auto-exploring this place.
 F = Levels seen in this place.
 G = Mean time per level.
                   A        B        C        D        E       F      G
               +--------+--------+--------+--------+--------+-----+--------+
         Total |    957 |    957 |      0 |      0 |      0 |   2 |  478.5 |
       Dungeon |    957 |    957 |      0 |      0 |      0 |   2 |  478.5 |
               +--------+--------+--------+--------+--------+-----+--------+

Top non-repeatable levels by time:
     D:1: 796 daAuts
     D:2: 160 daAuts
